Hartford Whalers vs Anaheim Ducks

Created - Saturday, August 16, 2025 at 08:42

Goals
1 2 3 T
Hartford Whalers 0 0 1 1
Anaheim Ducks 2 0 4 6
Shots
1 2 3 T
Hartford Whalers 6 6 9 21
Anaheim Ducks 20 7 17 44

1st period

1. Anaheim Ducks , William Nylander 3 (John Tavares 6, Philip Broberg 4) at 1:31
2. Anaheim Ducks , Nazem Kadri 8 (William Nylander 10, Philip Broberg 5) at 16:16

Penalties :
Tom Wilson (HFD) for Tripping (Minor) at 16:21

2nd period

No Goal

Penalties :
Brayden Schenn (ANA) for Hooking (Minor) at 4:54, Matthew Coronato (HFD) for Cross-checking (Minor) at 7:32

3rd period

3. Anaheim Ducks , Alex Killorn 1 (Chandler Stephenson 2, William Nylander 11) at 5:28
4. Anaheim Ducks , Alex Killorn 2 (Chandler Stephenson 3) at 12:19
5. Hartford Whalers , Dylan Guenther 5 (Vladislav Gavrikov 4, Samuel Montembeault) at 16:28
6. Anaheim Ducks , Alex Killorn 3 (Chandler Stephenson 4) at 17:21
7. Anaheim Ducks , Nazem Kadri 9 (Mason Marchment 5, Brayden Schenn 6) at 18:31 (PP)

Penalties :
Tomas Hertl (HFD) for Holding (Minor) at 0:41, Pierre-Luc Dubois (HFD) for Roughing (Minor) at 13:17, Anders Lee (HFD) for Interference (Minor) at 17:44

Goalie Stats

Samuel Montembeault (HFD), 38 saves from 44 shots - (0.864), L, 3-3-2, 60:00 minutes
Linus Ullmark (ANA), 20 saves from 21 shots - (0.952), W, 5-5-0, 60:00 minutes

Players Stats for Hartford Whalers

Player Name              G  A  P  +/- PIM S  H  SB GA TA FO     MP     PP MP  PK MP  
------------------------------------------------------------------------------------
Anders Lee               0  0  0  -3  2   1  3  1  2  0  1/6    19:10   0:19   0:00 
Anthony Cirelli          0  0  0  -3  0   0  2  2  0  1  11/22  20:20   0:48   4:42 
Braden Schneider         0  0  0  -1  0   1  1  1  0  0  0/0    12:37   0:00   0:00 
Charlie McAvoy           0  0  0  -1  0   0  2  2  0  0  0/0    12:37   0:00   0:00 
Devon Toews              0  0  0   0  0   0  0  1  0  0  0/0    21:32   0:50   4:16 
Dylan Guenther           1  0  1  -1  0   6  0  0  0  0  0/0    14:04   0:52   0:43 
Frank Nazar              0  0  0  -1  0   2  1  0  0  0  0/0     7:45   0:00   0:00 
Jonathan Drouin          0  0  0  -2  0   1  2  0  1  0  0/3    14:27   0:00   3:45 
Joshua Norris            0  0  0   0  0   0  1  0  0  0  2/3     2:26   0:00   0:00 
Kaapo Kakko              0  0  0  -1  0   0  0  0  0  0  2/4     8:32   0:00   0:20 
Matthew Coronato         0  0  0  -1  2   1  0  0  0  0  0/0    12:28   0:00   0:00 
Nick Suzuki              0  0  0   1  0   2  0  0  0  1  13/19  20:28   1:11   4:00 
Pierre-Luc Dubois        0  0  0  -3  2   3  2  0  0  0  0/1    15:45   0:48   1:17 
Seth Jones               0  0  0  -3  0   1  0  3  1  0  0/0    25:51   1:09   4:27 
Tom Wilson               0  0  0   1  2   2  1  0  1  1  1/1    19:38   1:11   2:39 
Tomas Hertl              0  0  0   1  2   1  0  0  0  0  0/0    16:09   0:48   0:00 
Tyler Myers              0  0  0  -3  0   0  3  4  0  0  0/0    25:51   1:09   4:27 
Vladislav Gavrikov       0  1  1   0  0   0  0  1  0  0  0/0    21:32   0:50   4:16 

Players Stats for Anaheim Ducks

Player Name              G  A  P  +/- PIM S  H  SB GA TA FO     MP     PP MP  PK MP  
------------------------------------------------------------------------------------
Alex Killorn             3  0  3   3  0   3  2  0  0  0  0/0    11:58   0:01   0:33 
Brayden Schenn           0  1  1  -1  2   4  1  0  0  0  1/1    19:46   4:24   0:00 
Brenden Dillon           0  0  0   3  0   0  2  0  0  0  0/0    16:27   0:00   0:57 
Chandler Stephenson      0  3  3   3  0   2  2  0  0  1  1/4    12:12   0:00   1:04 
Esa Lindell              0  0  0   1  0   0  1  1  0  1  0/0    18:43   0:00   1:02 
Ivan Provorov            0  0  0   0  0   0  2  0  0  0  0/0    20:53   3:21   1:02 
J.T. Compher             0  0  0   0  0   2  0  1  0  0  1/1     8:54   0:01   1:01 
John Tavares             0  1  1   2  0   2  1  1  1  0  0/0    19:51   4:18   0:13 
Jonny Brodzinski         0  0  0   0  0   2  1  0  0  0  1/1     7:53   0:01   0:00 
Joshua Morrissey         0  0  0   1  0   0  2  0  0  0  0/0    22:40   5:22   0:00 
Mark Scheifele           0  0  0  -1  0   7  2  0  1  1  15/34  19:18   4:18   0:00 
Mason Marchment          0  1  1  -1  0   6  5  0  0  0  0/2    19:22   4:24   0:00 
Morgan Rielly            0  0  0   0  0   2  1  1  0  1  0/0    19:50   5:22   0:00 
Nazem Kadri              2  0  2   2  0   3  2  0  0  0  10/16  20:16   4:24   0:34 
Parker Kelly             0  0  0   0  0   3  2  0  0  1  0/0     7:36   0:00   0:00 
Philip Broberg           0  2  2   3  0   2  2  2  0  0  0/0    21:27   3:21   0:57 
Will Cuylle              0  0  0   3  0   2  3  1  0  0  0/0    11:41   0:00   0:33 
William Nylander         1  2  3   2  0   4  0  0  1  0  0/0    19:13   4:18   0:00 

3 Stars

1 - Alex Killorn (ANA)
2 - Nazem Kadri (ANA)
3 - Chandler Stephenson (ANA)

Power Play

Hartford Whalers - 0 on 1 Attempt(s) - 0.00%
Anaheim Ducks - 1 on 5 Attempt(s) - 20.00%

Penalty Kill

Hartford Whalers - 4 on 5 Attempt(s) - 80.00% - Score 0 goal in Penalty Kill
Anaheim Ducks - 1 on 1 Attempt(s) - 100.00% - Score 0 goal in Penalty Kill

Team Stat

Hartford Whalers - Hits : 18 - Faceoff Wins : 30 - Blocked Shots : 15 - Penalty Minutes : 10
Anaheim Ducks - Hits : 31 - Faceoff Wins : 29 - Blocked Shots : 7 - Penalty Minutes : 2

Official

Referees : Reid Anderson and Morgan Macphee
Linesman : Unknown

Game Notes

Joshua Norris is injured at 10:12 of 1st period (Bruised Right Shoulder)
Alex Killorn has scored a Hat Trick!

Finance

Level 1 -- Attendance: 4765 (79.42%) -- Ticket Income $476,500
Level 2 -- Attendance: 3647 (72.94%) -- Ticket Income $218,820
Level 3 -- Attendance: 2130 (71.00%) -- Ticket Income $97,980
Level 4 -- Attendance: 3862 (77.24%) -- Ticket Income $96,550
Luxury Box -- Attendance: 838 (83.80%) -- Ticket Income $167,600
Game was played at the Honda Center.
Total Attendance: 15242 (76.21%)
Total Ticket Income: $1,057,450
Other Income: $370,108
Total Income: $1,427,558

Hartford Whalers

5 vs 5 Forward 
   Center                   Left Wing                Right Wing               Time % Phy DF OF 
 1 Nick Suzuki              Tomas Hertl              Tom Wilson               30     0   0  5  
 2 Anthony Cirelli          Pierre-Luc Dubois        Anders Lee               30     0   0  5  
 3 Joshua Norris            Matthew Coronato         Dylan Guenther           25     0   0  5  
 4 Kaapo Kakko              Jonathan Drouin          Frank Nazar              15     0   1  4  

5 vs 5 Defense 
   Defense                  Defense                                           Time % Phy DF OF 
 1 Tyler Myers              Seth Jones                                        30     1   2  2  
 2 Vladislav Gavrikov       Devon Toews                                       30     1   2  2  
 3 Braden Schneider         Charlie McAvoy                                    25     1   2  2  
 4 Tyler Myers              Seth Jones                                        15     1   2  2  

PowerPlay Forward 
   Center                   Left Wing                Right Wing               Time % Phy DF OF 
 1 Nick Suzuki              Joshua Norris            Tom Wilson               50     1   0  4  
 2 Anthony Cirelli          Tomas Hertl              Pierre-Luc Dubois        50     1   0  4  

PowerPlay Defense
   Defense                  Defense                                           Time % Phy DF OF 
 1 Tyler Myers              Seth Jones                                        50     1   2  2  
 2 Vladislav Gavrikov       Devon Toews                                       50     1   2  2  

Penalty Kill 4 Players Forward 
   Center                   Wing                     Time % Phy DF OF 
 1 Nick Suzuki              Tom Wilson               50     1   2  2  
 2 Joshua Norris            Anthony Cirelli          50     1   2  2  

Penalty Kill 4 Players Defense
   Defense                  Defense                  Time % Phy DF OF 
 1 Tyler Myers              Seth Jones               50     1   2  2  
 2 Vladislav Gavrikov       Devon Toews              50     1   2  2  

Penalty Kill - 3 Players Forward 
   Forward                                           Time % Phy DF OF 
 1 Anthony Cirelli                                   50     1   3  1  
 2 Joshua Norris                                     50     1   3  1  

Penalty Kill - 3 Players Defense
   Defense                  Defense                  Time % Phy DF OF 
 1 Tyler Myers              Seth Jones               50     2   3  0  
 2 Vladislav Gavrikov       Devon Toews              50     2   3  0  

4 vs 4 Forward 
   Center                   Wing                     Time % Phy DF OF 
 1 Nick Suzuki              Tom Wilson               50     0   0  5  
 2 Joshua Norris            Anthony Cirelli          50     0   1  4  

4 vs 4 Defense
   Defense                  Defense                  Time % Phy DF OF 
 1 Tyler Myers              Seth Jones               50     1   2  2  
 2 Vladislav Gavrikov       Devon Toews              50     1   2  2  

Last Minutes Offensive
   Center                   Left Wing                Right Wing               Defense                  Defense                  
   Nick Suzuki              Joshua Norris            Tom Wilson               Tyler Myers              Seth Jones               

Last Minutes Defensive
   Center                   Left Wing                Right Wing               Defense                  Defense                  
   Nick Suzuki              Joshua Norris            Tom Wilson               Tyler Myers              Seth Jones               

Goaltenders
Starting : Samuel Montembeault      
Backup : Spencer Knight           

Extra Forwards
Normal : Dylan Guenther, Anders Lee, Jonathan Drouin - PP : Dylan Guenther, Anders Lee - PK : Jonathan Drouin
Extra Defensemen
Normal : Braden Schneider, Charlie McAvoy, Vladislav Gavrikov - PP : Braden Schneider - PK : Charlie McAvoy, Vladislav Gavrikov
Penalty Shots
Nick Suzuki, Tom Wilson, Joshua Norris, Anthony Cirelli, Tomas Hertl

Scratches
Alex Newhook (Healthy), Danny Zhilkin (Healthy)

Anaheim Ducks

5 vs 5 Forward 
   Center                   Left Wing                Right Wing               Time % Phy DF OF 
 1 Nazem Kadri              John Tavares             William Nylander         35     1   2  2  
 2 Mark Scheifele           Mason Marchment          Brayden Schenn           35     1   2  2  
 3 Chandler Stephenson      Will Cuylle              Alex Killorn             20     1   2  2  
 4 J.T. Compher             Parker Kelly             Jonny Brodzinski         10     1   2  2  

5 vs 5 Defense 
   Defense                  Defense                                           Time % Phy DF OF 
 1 Esa Lindell              Joshua Morrissey                                  36     1   2  2  
 2 Morgan Rielly            Ivan Provorov                                     33     1   2  2  
 3 Brenden Dillon           Philip Broberg                                    31     1   2  2  
 4 Esa Lindell              Ivan Provorov                                     0      1   2  2  

PowerPlay Forward 
   Center                   Left Wing                Right Wing               Time % Phy DF OF 
 1 Mark Scheifele           John Tavares             William Nylander         50     1   1  3  
 2 Nazem Kadri              Mason Marchment          Brayden Schenn           50     1   1  3  

PowerPlay Defense
   Defense                  Defense                                           Time % Phy DF OF 
 1 Morgan Rielly            Joshua Morrissey                                  60     1   2  2  
 2 Ivan Provorov            Philip Broberg                                    40     1   2  2  

Penalty Kill 4 Players Forward 
   Center                   Wing                     Time % Phy DF OF 
 1 Chandler Stephenson      J.T. Compher             60     1   3  1  
 2 Will Cuylle              Alex Killorn             40     1   3  1  

Penalty Kill 4 Players Defense
   Defense                  Defense                  Time % Phy DF OF 
 1 Esa Lindell              Ivan Provorov            60     1   4  0  
 2 Brenden Dillon           Philip Broberg           40     1   4  0  

Penalty Kill - 3 Players Forward 
   Forward                                           Time % Phy DF OF 
 1 Chandler Stephenson                               60     1   4  0  
 2 J.T. Compher                                      40     1   4  0  

Penalty Kill - 3 Players Defense
   Defense                  Defense                  Time % Phy DF OF 
 1 Esa Lindell              Ivan Provorov            60     1   4  0  
 2 Brenden Dillon           Philip Broberg           40     1   4  0  

4 vs 4 Forward 
   Center                   Wing                     Time % Phy DF OF 
 1 John Tavares             William Nylander         60     1   2  2  
 2 Mark Scheifele           Nazem Kadri              40     1   2  2  

4 vs 4 Defense
   Defense                  Defense                  Time % Phy DF OF 
 1 Esa Lindell              Joshua Morrissey         60     1   2  2  
 2 Brenden Dillon           Ivan Provorov            40     1   2  2  

Last Minutes Offensive
   Center                   Left Wing                Right Wing               Defense                  Defense                  
   Mark Scheifele           John Tavares             William Nylander         Morgan Rielly            Joshua Morrissey         

Last Minutes Defensive
   Center                   Left Wing                Right Wing               Defense                  Defense                  
   Chandler Stephenson      Alex Killorn             Brayden Schenn           Ivan Provorov            Esa Lindell              

Goaltenders
Starting : Linus Ullmark            
Backup : James Reimer             

Extra Forwards
Normal : William Nylander, Mark Scheifele, Nazem Kadri - PP : William Nylander, Nazem Kadri - PK : Chandler Stephenson
Extra Defensemen
Normal : Esa Lindell, Ivan Provorov, Brenden Dillon - PP : Joshua Morrissey - PK : Esa Lindell, Ivan Provorov
Penalty Shots
Chandler Stephenson, Mark Scheifele, Brayden Schenn, Alex Killorn, William Nylander

Scratches
None


% Time on Ice - Hartford Whalers

Lines # - Real PCT - Wanted PCT - Time Play
Normal Forward
1 - 32% - 30% - 15:44
2 - 27% - 30% - 13:20
3 - 25% - 25% - 12:29
4 - 16% - 15% - 7:45
Normal Defense
1 - 30% - 30% - 14:38
2 - 33% - 30% - 16:26
3 - 26% - 25% - 12:37
4 - 11% - 15% - 5:37
PP Forward
1 - 60% - 50% - 1:11
2 - 40% - 50% - 0:48
PP Defense
1 - 58% - 50% - 1:09
2 - 42% - 50% - 0:50
PK Forward
1 - 42% - 50% - 3:39
2 - 58% - 50% - 5:04
PK Defense
1 - 51% - 50% - 4:27
2 - 49% - 50% - 4:16
PK3 Forward
1 - 0% - 50%
2 - 0% - 50%
PK3 Defense
1 - 0% - 50%
2 - 0% - 50%
44 Forward
1 - 0% - 50%
2 - 0% - 50%
44 Defense
1 - 0% - 50%
2 - 0% - 50%
Last Minute Offensive  - 0:00
Last Minute Defensive  - 0:00
Total
Forward - 60:00
Defense - 60:00

% Time on Ice - Anaheim Ducks

Lines # - Real PCT - Wanted PCT - Time Play
Normal Forward
1 - 32% - 35% - 15:36
2 - 30% - 35% - 14:58
3 - 23% - 20% - 11:08
4 - 15% - 10% - 7:36
Normal Defense
1 - 35% - 36% - 17:18
2 - 33% - 33% - 16:08
3 - 30% - 31% - 14:54
4 - 2% - 0% - 0:58
PP Forward
1 - 50% - 50% - 4:19
2 - 50% - 50% - 4:24
PP Defense
1 - 62% - 60% - 5:22
2 - 38% - 40% - 3:21
PK Forward
1 - 72% - 60% - 1:26
2 - 28% - 40% - 0:33
PK Defense
1 - 52% - 60% - 1:02
2 - 48% - 40% - 0:57
PK3 Forward
1 - 0% - 60%
2 - 0% - 40%
PK3 Defense
1 - 0% - 60%
2 - 0% - 40%
44 Forward
1 - 0% - 60%
2 - 0% - 40%
44 Defense
1 - 0% - 60%
2 - 0% - 40%
Last Minute Offensive  - 0:00
Last Minute Defensive  - 0:00
Total
Forward - 60:00
Defense - 60:00

Play-by-Play

1st period


0:01 of 1st period - Nick Suzuki wins face-off versus Nazem Kadri in neutral zone.
0:06 of 1st period - Wrist shot by Tomas Hertl.
0:06 of 1st period - Shot Misses the Net.
0:26 of 1st period - Anders Lee is hit by Mason Marchment and loses puck.
0:31 of 1st period - Snap shot by Mason Marchment.
0:31 of 1st period - Deflect By Mark Scheifele.
0:31 of 1st period - Stopped by Samuel Montembeault with a rebound.
0:33 of 1st period - Snap shot by Mark Scheifele.
0:33 of 1st period - Deflect By Mason Marchment.
0:33 of 1st period - Stopped by Samuel Montembeault with a rebound.
0:35 of 1st period - Slapshot by Morgan Rielly.
0:35 of 1st period - Stopped by Samuel Montembeault without a rebound.
0:36 of 1st period - Chandler Stephenson wins face-off versus Joshua Norris in Hartford Whalers zone.
0:45 of 1st period - Slapshot by Will Cuylle.
0:45 of 1st period - Stopped by Samuel Montembeault with a rebound.
1:31 of 1st period - Slapshot by William Nylander.
1:31 of 1st period - Goal by William Nylander - Hartford Whalers : 0 - Anaheim Ducks : 1.
1:32 of 1st period - Mark Scheifele wins face-off versus Anthony Cirelli in neutral zone.
1:45 of 1st period - Slapshot by Mark Scheifele.
1:45 of 1st period - Stopped by Samuel Montembeault with a rebound.
1:47 of 1st period - Snap shot by Mason Marchment.
1:47 of 1st period - Shot Blocked by Braden Schneider.
1:57 of 1st period - Brenden Dillon is hit by Braden Schneider and loses puck.
2:20 of 1st period - Snap shot by Nick Suzuki.
2:20 of 1st period - Stopped by Linus Ullmark without a rebound.
2:21 of 1st period - Joshua Norris wins face-off versus Chandler Stephenson in Anaheim Ducks zone.
2:22 of 1st period - Snap shot by Matthew Coronato.
2:22 of 1st period - Shot Blocked by Philip Broberg.
2:57 of 1st period - Snap shot by Will Cuylle.
2:57 of 1st period - Shot Misses the Net.
3:11 of 1st period - Tom Wilson is hit by Mason Marchment and loses puck.
3:32 of 1st period - John Tavares is hit by Joshua Norris and loses puck.
3:59 of 1st period - Slapshot by Parker Kelly.
3:59 of 1st period - Stopped by Samuel Montembeault without a rebound.
4:00 of 1st period - Nick Suzuki wins face-off versus Mark Scheifele in Hartford Whalers zone.
5:38 of 1st period - Backhand shot by Chandler Stephenson.
5:38 of 1st period - Shot Misses the Net.
5:40 of 1st period - Slapshot by Philip Broberg.
5:40 of 1st period - Shot Blocked by Charlie McAvoy.
5:50 of 1st period - Morgan Rielly is hit by Anthony Cirelli and loses puck.
6:21 of 1st period - Wrist shot by Jonny Brodzinski.
6:21 of 1st period - Stopped by Samuel Montembeault without a rebound.
6:22 of 1st period - Nick Suzuki wins face-off versus Mason Marchment in Hartford Whalers zone.
6:47 of 1st period - John Tavares is hit by Anders Lee and loses puck.
7:00 of 1st period - Snap shot by Pierre-Luc Dubois.
7:00 of 1st period - Shot Misses the Net.
7:12 of 1st period - Vladislav Gavrikov is hit by Will Cuylle and loses puck.
7:28 of 1st period - Icing by Will Cuylle.
7:29 of 1st period - Mark Scheifele wins face-off versus Kaapo Kakko in Anaheim Ducks zone.
8:15 of 1st period - Icing by Anthony Cirelli.
8:16 of 1st period - Nazem Kadri wins face-off versus Anthony Cirelli in Hartford Whalers zone.
8:19 of 1st period - Snap shot by John Tavares.
8:19 of 1st period - Shot Misses the Net.
8:43 of 1st period - Tomas Hertl is hit by Brenden Dillon and loses puck.
8:54 of 1st period - Wrist shot by Tom Wilson.
8:54 of 1st period - Shot Blocked by Will Cuylle.
9:08 of 1st period - Snap shot by Jonny Brodzinski.
9:08 of 1st period - Shot Misses the Net.
9:30 of 1st period - Jonathan Drouin is hit by John Tavares and loses puck.
10:08 of 1st period - Snap shot by Chandler Stephenson.
10:08 of 1st period - Stopped by Samuel Montembeault with a rebound.
10:10 of 1st period - Slapshot by Philip Broberg.
10:10 of 1st period - Deflect By Pierre-Luc Dubois.
10:10 of 1st period - Stopped by Samuel Montembeault without a rebound.
10:11 of 1st period - Joshua Norris wins face-off versus Mark Scheifele in Hartford Whalers zone.
10:11 of 1st period - Joshua Norris is hit by Mason Marchment.
10:12 of 1st period - Joshua Norris from Hartford Whalers is injured at 10:12 of 1st period (Bruised Right Shoulder).
10:13 of 1st period - Nick Suzuki wins face-off versus Mark Scheifele in Hartford Whalers zone.
11:02 of 1st period - Icing by Pierre-Luc Dubois.
11:03 of 1st period - Anthony Cirelli wins face-off versus Chandler Stephenson in Hartford Whalers zone.
11:25 of 1st period - Icing by Will Cuylle.
11:26 of 1st period - Mark Scheifele wins face-off versus Nick Suzuki in Anaheim Ducks zone.
11:37 of 1st period - Wrist shot by Brayden Schenn.
11:37 of 1st period - Stopped by Samuel Montembeault with a rebound.
11:53 of 1st period - Joshua Morrissey is hit by Anders Lee and loses puck.
11:58 of 1st period - Slapshot by Dylan Guenther.
11:58 of 1st period - Stopped by Linus Ullmark with a rebound.
12:16 of 1st period - Snap shot by Frank Nazar.
12:16 of 1st period - Deflect By Nazem Kadri.
12:16 of 1st period - Stopped by Linus Ullmark without a rebound.
12:17 of 1st period - Kaapo Kakko wins face-off versus Mark Scheifele in Anaheim Ducks zone.
12:26 of 1st period - Wrist shot by Brayden Schenn.
12:26 of 1st period - Stopped by Samuel Montembeault with a rebound.
12:28 of 1st period - Wrist shot by Mark Scheifele.
12:28 of 1st period - Stopped by Samuel Montembeault with a rebound.
12:30 of 1st period - Wrist shot by Mason Marchment.
12:30 of 1st period - Stopped by Samuel Montembeault with a rebound.
12:32 of 1st period - Wrist shot by Mason Marchment.
12:32 of 1st period - Stopped by Samuel Montembeault with a rebound.
12:44 of 1st period - Anthony Cirelli is hit by Ivan Provorov and loses puck.
13:08 of 1st period - Snap shot by Will Cuylle.
13:08 of 1st period - Shot Misses the Net.
13:26 of 1st period - Snap shot by William Nylander.
13:26 of 1st period - Stopped by Samuel Montembeault with a rebound.
13:28 of 1st period - Wrist shot by William Nylander.
13:28 of 1st period - Stopped by Samuel Montembeault without a rebound.
13:29 of 1st period - Anders Lee wins face-off versus Mark Scheifele in Hartford Whalers zone.
14:20 of 1st period - Snap shot by Parker Kelly.
14:20 of 1st period - Shot Misses the Net.
14:38 of 1st period - Wrist shot by Dylan Guenther.
14:38 of 1st period - Stopped by Linus Ullmark with a rebound.
14:46 of 1st period - Wrist shot by Chandler Stephenson.
14:46 of 1st period - Stopped by Samuel Montembeault with a rebound.
15:18 of 1st period - Slapshot by Pierre-Luc Dubois.
15:18 of 1st period - Stopped by Linus Ullmark without a rebound.
15:19 of 1st period - Nazem Kadri wins face-off versus Anthony Cirelli in Anaheim Ducks zone.
15:58 of 1st period - Snap shot by Nazem Kadri.
15:58 of 1st period - Shot Blocked by Tyler Myers.
16:00 of 1st period - Snap shot by William Nylander.
16:00 of 1st period - Shot Blocked by Anthony Cirelli.
16:02 of 1st period - Slapshot by Esa Lindell.
16:02 of 1st period - Shot Misses the Net.
16:04 of 1st period - Slapshot by Joshua Morrissey.
16:04 of 1st period - Shot Blocked by Anders Lee.
16:06 of 1st period - Slapshot by Brenden Dillon.
16:06 of 1st period - Deflect By Nazem Kadri.
16:06 of 1st period - Stopped by Samuel Montembeault with a rebound.
16:08 of 1st period - Snap shot by William Nylander.
16:08 of 1st period - Shot Hit the Post.
16:10 of 1st period - Snap shot by John Tavares.
16:10 of 1st period - Shot Misses the Net.
16:14 of 1st period - Snap shot by William Nylander.
16:14 of 1st period - Shot Misses the Net.
16:16 of 1st period - Snap shot by Nazem Kadri.
16:16 of 1st period - Goal by Nazem Kadri - Hartford Whalers : 0 - Anaheim Ducks : 2.
16:17 of 1st period - Mark Scheifele wins face-off versus Nick Suzuki in neutral zone.
16:21 of 1st period - Minor Penalty to Tom Wilson for Tripping.
16:22 of 1st period - Nick Suzuki wins face-off versus Mark Scheifele in Hartford Whalers zone.
17:57 of 1st period - Icing by Morgan Rielly.
17:58 of 1st period - Nick Suzuki wins face-off versus Nazem Kadri in Anaheim Ducks zone.
18:01 of 1st period - Snap shot by Dylan Guenther.
18:01 of 1st period - Stopped by Linus Ullmark with a rebound.
18:21 of 1st period - Penalty to Tom Wilson is over, Tom Wilson is back on ice.
19:42 of 1st period - Braden Schneider is hit by Parker Kelly and loses puck.
Goals for this period are 0 for Hartford Whalers vs 2 for Anaheim Ducks.
Shots for this period are 6 for Hartford Whalers vs 20 for Anaheim Ducks.

2nd period


0:01 of 2nd period - Mark Scheifele wins face-off versus Nick Suzuki in neutral zone.
0:16 of 2nd period - Wrist shot by Seth Jones.
0:16 of 2nd period - Stopped by Linus Ullmark with a rebound.
0:26 of 2nd period - Anthony Cirelli is hit by Nazem Kadri and loses puck.
0:33 of 2nd period - Slapshot by Nazem Kadri.
0:33 of 2nd period - Shot Blocked by Seth Jones.
1:12 of 2nd period - Tom Wilson is hit by Chandler Stephenson and loses puck.
1:25 of 2nd period - Snap shot by Chandler Stephenson.
1:25 of 2nd period - Shot Misses the Net.
1:27 of 2nd period - Wrist shot by Will Cuylle.
1:27 of 2nd period - Shot Misses the Net.
1:29 of 2nd period - Wrist shot by Alex Killorn.
1:29 of 2nd period - Shot Misses the Net.
1:31 of 2nd period - Slapshot by Philip Broberg.
1:31 of 2nd period - Shot Blocked by Charlie McAvoy.
1:33 of 2nd period - Slapshot by Philip Broberg.
1:33 of 2nd period - Stopped by Samuel Montembeault with a rebound.
2:43 of 2nd period - Charlie McAvoy is hit by Philip Broberg and loses puck.
2:52 of 2nd period - Wrist shot by Will Cuylle.
2:52 of 2nd period - Stopped by Samuel Montembeault without a rebound.
2:53 of 2nd period - Mark Scheifele wins face-off versus Anthony Cirelli in Hartford Whalers zone.
2:58 of 2nd period - Slapshot by Brayden Schenn.
2:58 of 2nd period - Shot Blocked by Seth Jones.
3:42 of 2nd period - Off-side.
3:43 of 2nd period - Jonny Brodzinski wins face-off versus Kaapo Kakko in neutral zone.
3:52 of 2nd period - Wrist shot by J.T. Compher.
3:52 of 2nd period - Stopped by Samuel Montembeault without a rebound.
3:53 of 2nd period - Anthony Cirelli wins face-off versus Mark Scheifele in Hartford Whalers zone.
4:15 of 2nd period - Icing by Ivan Provorov.
4:16 of 2nd period - Nazem Kadri wins face-off versus Jonathan Drouin in Anaheim Ducks zone.
4:45 of 2nd period - Slapshot by Pierre-Luc Dubois.
4:45 of 2nd period - Stopped by Linus Ullmark without a rebound.
4:46 of 2nd period - Anthony Cirelli wins face-off versus Mark Scheifele in Anaheim Ducks zone.
4:54 of 2nd period - Minor Penalty to Brayden Schenn for Hooking.
4:55 of 2nd period - Nick Suzuki wins face-off versus Chandler Stephenson in Anaheim Ducks zone.
4:55 of 2nd period - Slapshot by Tom Wilson.
4:55 of 2nd period - Shot Misses the Net.
4:57 of 2nd period - Wrist shot by Seth Jones.
4:57 of 2nd period - Shot Blocked by J.T. Compher.
5:57 of 2nd period - Brenden Dillon is hit by Tom Wilson and loses puck.
6:54 of 2nd period - Penalty to Brayden Schenn is over, Brayden Schenn is back on ice.
7:32 of 2nd period - Minor Penalty to Matthew Coronato for Cross-checking.
7:33 of 2nd period - Mark Scheifele wins face-off versus Jonathan Drouin in Hartford Whalers zone.
8:10 of 2nd period - Off-side.
8:11 of 2nd period - Mark Scheifele wins face-off versus Nick Suzuki in neutral zone.
8:17 of 2nd period - Slapshot by Philip Broberg.
8:17 of 2nd period - Shot Blocked by Tyler Myers.
8:19 of 2nd period - Slapshot by Ivan Provorov.
8:19 of 2nd period - Deflect By John Tavares.
8:19 of 2nd period - Stopped by Samuel Montembeault with a rebound.
8:21 of 2nd period - Slapshot by John Tavares.
8:21 of 2nd period - Stopped by Samuel Montembeault with a rebound.
8:41 of 2nd period - Seth Jones is hit by Brayden Schenn and loses puck.
9:06 of 2nd period - Vladislav Gavrikov is hit by Joshua Morrissey and loses puck.
9:32 of 2nd period - Penalty to Matthew Coronato is over, Matthew Coronato is back on ice.
10:00 of 2nd period - Snap shot by Kaapo Kakko.
10:00 of 2nd period - Shot Misses the Net.
11:17 of 2nd period - Slapshot by Jonathan Drouin.
11:17 of 2nd period - Shot Misses the Net.
12:18 of 2nd period - Dylan Guenther is hit by Will Cuylle and loses puck.
12:31 of 2nd period - John Tavares is hit by Tyler Myers and loses puck.
12:42 of 2nd period - Devon Toews is hit by Brenden Dillon and loses puck.
12:55 of 2nd period - Parker Kelly is hit by Anthony Cirelli and loses puck.
13:07 of 2nd period - Off-side.
13:08 of 2nd period - Kaapo Kakko wins face-off versus Mark Scheifele in neutral zone.
13:19 of 2nd period - Snap shot by Brayden Schenn.
13:19 of 2nd period - Shot Misses the Net.
13:27 of 2nd period - Brayden Schenn is hit by Jonathan Drouin.
13:31 of 2nd period - Vladislav Gavrikov is hit by Mark Scheifele and loses puck.
13:38 of 2nd period - Snap shot by Frank Nazar.
13:38 of 2nd period - Shot Blocked by Esa Lindell.
13:40 of 2nd period - Snap shot by Jonathan Drouin.
13:40 of 2nd period - Stopped by Linus Ullmark without a rebound.
13:41 of 2nd period - Nazem Kadri wins face-off versus Anthony Cirelli in Anaheim Ducks zone.
14:07 of 2nd period - Nick Suzuki is hit by Chandler Stephenson.
14:17 of 2nd period - Wrist shot by Alex Killorn.
14:17 of 2nd period - Deflect By Charlie McAvoy.
14:17 of 2nd period - Shot Misses the Net.
14:17 of 2nd period - Puck is out of play.
14:18 of 2nd period - Mark Scheifele wins face-off versus Anders Lee in Hartford Whalers zone.
14:45 of 2nd period - John Tavares is hit by Charlie McAvoy and loses puck.
15:30 of 2nd period - Vladislav Gavrikov is hit by Mason Marchment.
16:01 of 2nd period - Snap shot by Nick Suzuki.
16:01 of 2nd period - Stopped by Linus Ullmark with a rebound.
16:03 of 2nd period - Wrist shot by Braden Schneider.
16:03 of 2nd period - Stopped by Linus Ullmark with a rebound.
16:07 of 2nd period - Wrist shot by Nick Suzuki.
16:07 of 2nd period - Shot Misses the Net.
16:09 of 2nd period - Snap shot by Nick Suzuki.
16:09 of 2nd period - Shot Misses the Net.
16:19 of 2nd period - Joshua Morrissey is hit by Anders Lee and loses puck.
16:48 of 2nd period - Backhand shot by Joshua Morrissey.
16:48 of 2nd period - Deflect By Mason Marchment.
16:48 of 2nd period - Stopped by Samuel Montembeault without a rebound.
16:49 of 2nd period - Anthony Cirelli wins face-off versus Mason Marchment in Hartford Whalers zone.
16:56 of 2nd period - Mark Scheifele is hit by Pierre-Luc Dubois and loses puck.
17:13 of 2nd period - Will Cuylle is hit by Jonathan Drouin and loses puck.
17:56 of 2nd period - Snap shot by Mark Scheifele.
17:56 of 2nd period - Shot Blocked by Vladislav Gavrikov.
17:58 of 2nd period - Slapshot by Philip Broberg.
17:58 of 2nd period - Shot Misses the Net.
18:00 of 2nd period - Backhand shot by Brenden Dillon.
18:00 of 2nd period - Shot Misses the Net.
18:02 of 2nd period - Wrist shot by Mason Marchment.
18:02 of 2nd period - Stopped by Samuel Montembeault with a rebound.
18:27 of 2nd period - Seth Jones is hit by Will Cuylle and loses puck.
18:46 of 2nd period - Charlie McAvoy is hit by Philip Broberg and loses puck.
19:13 of 2nd period - Off-side.
19:14 of 2nd period - Anthony Cirelli wins face-off versus Nazem Kadri in neutral zone.
19:19 of 2nd period - Wrist shot by Dylan Guenther.
19:19 of 2nd period - Stopped by Linus Ullmark without a rebound.
19:20 of 2nd period - Nazem Kadri wins face-off versus Anthony Cirelli in Anaheim Ducks zone.
19:20 of 2nd period - Nazem Kadri is hit by Tyler Myers.
19:28 of 2nd period - Wrist shot by Dylan Guenther.
19:28 of 2nd period - Shot Blocked by John Tavares.
19:35 of 2nd period - Icing by Brenden Dillon.
19:36 of 2nd period - Nick Suzuki wins face-off versus Nazem Kadri in Anaheim Ducks zone.
19:52 of 2nd period - Off-side.
19:53 of 2nd period - Mark Scheifele wins face-off versus Anthony Cirelli in neutral zone.
19:56 of 2nd period - Pierre-Luc Dubois is hit by Joshua Morrissey and loses puck.
Goals for this period are 0 for Hartford Whalers vs 0 for Anaheim Ducks.
Shots for this period are 6 for Hartford Whalers vs 7 for Anaheim Ducks.

3rd period


0:01 of 3rd period - Anthony Cirelli wins face-off versus Mark Scheifele in neutral zone.
0:41 of 3rd period - Minor Penalty to Tomas Hertl for Holding.
0:42 of 3rd period - Nick Suzuki wins face-off versus Nazem Kadri in Hartford Whalers zone.
1:52 of 3rd period - Off-side.
1:53 of 3rd period - Nazem Kadri wins face-off versus Pierre-Luc Dubois in neutral zone.
2:29 of 3rd period - Snap shot by Tom Wilson.
2:29 of 3rd period - Shot Misses the Net.
2:41 of 3rd period - Penalty to Tomas Hertl is over, Tomas Hertl is back on ice.
2:53 of 3rd period - Wrist shot by Dylan Guenther.
2:53 of 3rd period - Stopped by Linus Ullmark with a rebound.
3:09 of 3rd period - Tyler Myers is hit by Parker Kelly and loses puck.
3:18 of 3rd period - Wrist shot by J.T. Compher.
3:18 of 3rd period - Shot Hit the Post.
3:20 of 3rd period - Snap shot by Philip Broberg.
3:20 of 3rd period - Shot Misses the Net.
4:14 of 3rd period - Jonny Brodzinski is hit by Charlie McAvoy and loses puck.
4:33 of 3rd period - Snap shot by Brayden Schenn.
4:33 of 3rd period - Shot Blocked by Devon Toews.
5:26 of 3rd period - Snap shot by Chandler Stephenson.
5:26 of 3rd period - Shot Misses the Net.
5:28 of 3rd period - Snap shot by Alex Killorn.
5:28 of 3rd period - Goal by Alex Killorn - Hartford Whalers : 0 - Anaheim Ducks : 3.
5:29 of 3rd period - Mark Scheifele wins face-off versus Anthony Cirelli in neutral zone.
5:38 of 3rd period - Tyler Myers is hit by Ivan Provorov.
5:42 of 3rd period - Slapshot by Seth Jones.
5:42 of 3rd period - Shot Blocked by Morgan Rielly.
6:19 of 3rd period - Snap shot by Chandler Stephenson.
6:19 of 3rd period - Shot Misses the Net.
6:41 of 3rd period - Snap shot by Frank Nazar.
6:41 of 3rd period - Stopped by Linus Ullmark without a rebound.
6:42 of 3rd period - Nick Suzuki wins face-off versus Mark Scheifele in Anaheim Ducks zone.
6:53 of 3rd period - Wrist shot by Tomas Hertl.
6:53 of 3rd period - Stopped by Linus Ullmark without a rebound.
6:54 of 3rd period - Anthony Cirelli wins face-off versus Mark Scheifele in Anaheim Ducks zone.
6:55 of 3rd period - Wrist shot by Anders Lee.
6:55 of 3rd period - Stopped by Linus Ullmark without a rebound.
6:56 of 3rd period - Anthony Cirelli wins face-off versus Mark Scheifele in Anaheim Ducks zone.
6:57 of 3rd period - Slapshot by Pierre-Luc Dubois.
6:57 of 3rd period - Deflect By Anders Lee.
6:57 of 3rd period - Shot Misses the Net.
6:57 of 3rd period - Puck is out of play.
6:58 of 3rd period - Anthony Cirelli wins face-off versus Mark Scheifele in Anaheim Ducks zone.
7:13 of 3rd period - Snap shot by Brayden Schenn.
7:13 of 3rd period - Shot Misses the Net.
7:33 of 3rd period - Wrist shot by Tom Wilson.
7:33 of 3rd period - Stopped by Linus Ullmark without a rebound.
7:34 of 3rd period - Nazem Kadri wins face-off versus Anders Lee in Anaheim Ducks zone.
7:42 of 3rd period - Icing by Ivan Provorov.
7:43 of 3rd period - Nazem Kadri wins face-off versus Anders Lee in Anaheim Ducks zone.
8:00 of 3rd period - Wrist shot by Matthew Coronato.
8:00 of 3rd period - Stopped by Linus Ullmark without a rebound.
8:01 of 3rd period - Nick Suzuki wins face-off versus Mark Scheifele in Anaheim Ducks zone.
8:02 of 3rd period - Snap shot by Tom Wilson.
8:02 of 3rd period - Stopped by Linus Ullmark with a rebound.
8:39 of 3rd period - Snap shot by William Nylander.
8:39 of 3rd period - Shot Blocked by Seth Jones.
9:16 of 3rd period - Slapshot by J.T. Compher.
9:16 of 3rd period - Stopped by Samuel Montembeault with a rebound.
9:28 of 3rd period - Mark Scheifele is hit by Frank Nazar.
9:32 of 3rd period - Devon Toews is hit by Mason Marchment and loses puck.
10:02 of 3rd period - Charlie McAvoy is hit by Esa Lindell and loses puck.
10:44 of 3rd period - Wrist shot by Brayden Schenn.
10:44 of 3rd period - Stopped by Samuel Montembeault with a rebound.
10:48 of 3rd period - Snap shot by Mark Scheifele.
10:48 of 3rd period - Stopped by Samuel Montembeault without a rebound.
10:49 of 3rd period - Mark Scheifele wins face-off versus Anders Lee in Hartford Whalers zone.
10:50 of 3rd period - Slapshot by Brayden Schenn.
10:50 of 3rd period - Shot Hit the Post.
11:00 of 3rd period - Snap shot by Brayden Schenn.
11:00 of 3rd period - Shot Blocked by Tyler Myers.
11:02 of 3rd period - Snap shot by Mason Marchment.
11:02 of 3rd period - Stopped by Samuel Montembeault without a rebound.
11:03 of 3rd period - Anthony Cirelli wins face-off versus Mark Scheifele in Hartford Whalers zone.
11:18 of 3rd period - Snap shot by Mark Scheifele.
11:18 of 3rd period - Stopped by Samuel Montembeault without a rebound.
11:19 of 3rd period - Nazem Kadri wins face-off versus Nick Suzuki in Hartford Whalers zone.
11:33 of 3rd period - Off-side.
11:34 of 3rd period - Mark Scheifele wins face-off versus Anthony Cirelli in neutral zone.
11:34 of 3rd period - Brayden Schenn is hit by Pierre-Luc Dubois and loses puck.
11:43 of 3rd period - Wrist shot by Mark Scheifele.
11:43 of 3rd period - Stopped by Samuel Montembeault with a rebound.
11:45 of 3rd period - Snap shot by Mason Marchment.
11:45 of 3rd period - Shot Misses the Net.
11:47 of 3rd period - Wrist shot by Brayden Schenn.
11:47 of 3rd period - Stopped by Samuel Montembeault without a rebound.
11:48 of 3rd period - Mark Scheifele wins face-off versus Anthony Cirelli in Hartford Whalers zone.
11:48 of 3rd period - Mark Scheifele is hit by Tyler Myers.
11:58 of 3rd period - Wrist shot by Brayden Schenn.
11:58 of 3rd period - Shot Misses the Net.
12:00 of 3rd period - Snap shot by Mark Scheifele.
12:00 of 3rd period - Stopped by Samuel Montembeault with a rebound.
12:02 of 3rd period - Snap shot by Philip Broberg.
12:02 of 3rd period - Shot Blocked by Anthony Cirelli.
12:04 of 3rd period - Slapshot by Philip Broberg.
12:04 of 3rd period - Shot Blocked by Tyler Myers.
12:14 of 3rd period - Seth Jones is hit by Alex Killorn and loses puck.
12:19 of 3rd period - Wrist shot by Alex Killorn.
12:19 of 3rd period - Goal by Alex Killorn - Hartford Whalers : 0 - Anaheim Ducks : 4.
12:20 of 3rd period - Tom Wilson wins face-off versus Mark Scheifele in neutral zone.
13:17 of 3rd period - Minor Penalty to Pierre-Luc Dubois for Roughing.
13:18 of 3rd period - Nazem Kadri wins face-off versus Jonathan Drouin in Hartford Whalers zone.
15:00 of 3rd period - Tyler Myers is hit by Mark Scheifele and loses puck.
15:17 of 3rd period - Penalty to Pierre-Luc Dubois is over, Pierre-Luc Dubois is back on ice.
15:37 of 3rd period - Charlie McAvoy is hit by Alex Killorn and loses puck.
15:43 of 3rd period - Off-side.
15:44 of 3rd period - J.T. Compher wins face-off versus Anders Lee in neutral zone.
15:47 of 3rd period - Snap shot by Jonny Brodzinski.
15:47 of 3rd period - Stopped by Samuel Montembeault with a rebound.
15:49 of 3rd period - Snap shot by Parker Kelly.
15:49 of 3rd period - Stopped by Samuel Montembeault with a rebound.
15:51 of 3rd period - Wrist shot by Parker Kelly.
15:51 of 3rd period - Stopped by Samuel Montembeault with a rebound.
16:09 of 3rd period - Dylan Guenther is hit by Nazem Kadri and loses puck.
16:28 of 3rd period - Snap shot by Dylan Guenther.
16:28 of 3rd period - Goal by Dylan Guenther - Hartford Whalers : 1 - Anaheim Ducks : 4.
16:29 of 3rd period - Nick Suzuki wins face-off versus Mark Scheifele in neutral zone.
16:56 of 3rd period - Anders Lee is hit by Morgan Rielly and loses puck.
17:21 of 3rd period - Snap shot by Alex Killorn.
17:21 of 3rd period - Goal by Alex Killorn - Hartford Whalers : 1 - Anaheim Ducks : 5.
17:22 of 3rd period - Mark Scheifele wins face-off versus Anthony Cirelli in neutral zone.
17:44 of 3rd period - Minor Penalty to Anders Lee for Interference.
17:45 of 3rd period - Brayden Schenn wins face-off versus Nick Suzuki in Hartford Whalers zone.
17:48 of 3rd period - Snap shot by Brayden Schenn.
17:48 of 3rd period - Shot Misses the Net.
18:14 of 3rd period - Slapshot by Morgan Rielly.
18:14 of 3rd period - Stopped by Samuel Montembeault with a rebound.
18:18 of 3rd period - Wrist shot by William Nylander.
18:18 of 3rd period - Stopped by Samuel Montembeault without a rebound.
18:19 of 3rd period - Nick Suzuki wins face-off versus Nazem Kadri in Hartford Whalers zone.
18:31 of 3rd period - Snap shot by Nazem Kadri.
18:31 of 3rd period - Goal by Nazem Kadri - Hartford Whalers : 1 - Anaheim Ducks : 6.
18:32 of 3rd period - Anthony Cirelli wins face-off versus Mark Scheifele in neutral zone.
18:37 of 3rd period - Snap shot by Pierre-Luc Dubois.
18:37 of 3rd period - Stopped by Linus Ullmark with a rebound.
18:47 of 3rd period - Slapshot by Anders Lee.
18:47 of 3rd period - Shot Blocked by Philip Broberg.
19:29 of 3rd period - Wrist shot by Nick Suzuki.
19:29 of 3rd period - Shot Misses the Net.
19:31 of 3rd period - Slapshot by Vladislav Gavrikov.
19:31 of 3rd period - Shot Misses the Net.
19:51 of 3rd period - Nick Suzuki is hit by Jonny Brodzinski and loses puck.
19:56 of 3rd period - Wrist shot by J.T. Compher.
19:56 of 3rd period - Shot Misses the Net.
Goals for this period are 1 for Hartford Whalers vs 4 for Anaheim Ducks.
Shots for this period are 9 for Hartford Whalers vs 17 for Anaheim Ducks.